AoeStats
← len´s_goth

Fortress

510242173Analyzed
3v3 RM · 1d ago on Sep 30, 2026· 44m 1s· 6 players
Game mode
Random Map
Map size
Large (8 player)
Population
200
Speed
Normal
Resources
Standard
Victory
Conquest
Starting age
Dark Age
Ending age
Imperial Age
RankedLock teamsTeams togetherTeam positionsShared explorationLock speedFull tech treeHidden civsTurbo modeCheats
Victory
Defeat
🇨🇳 Mongols · China
1142
+13
🇺🇸 Celts · United States
1065
+16
🇵🇪 Italians · Peru
1063
+15
🇲🇽 Celts · Mexico
1079
-15
🇲🇽 Turks · Mexico
1071
-15
🇲🇽 Vietnamese · Mexico
1046
-14
len´s_goth
3:45 Loom
9:16 Feudal Age
13:15 Castle Age
11:27 Gold Mining
11:23 Double-Bit Axe
11:25 Horse Collar
21:06 Imperial Age
20:00 Wheelbarrow
20:18 Town Watch
20:39 Heavy Plow
20:51 Bow Saw
22:05 Gold Shaft Mining
22:26 Padded Archer Armor
23:08 Conscription
26:12 Two-Man Saw
25:33 Hand Cart
25:57 Thumb Ring
25:49 Fletching
26:21 Ballistics
26:44 Parthian Tactics
26:54 Bodkin Arrow
27:46 Stone Mining
27:59 Bracer
28:46 Leather Archer Armor
29:44 Sipahi
31:54 Ring Archer Armor
31:37 Heavy Cavalry Archer
El_Terrible
4:49 Loom
7:49 Feudal Age
6:41 Loom
8:37 Double-Bit Axe
8:35 Horse Collar
13:05 Castle Age
14:42 Wheelbarrow
14:18 Bow Saw
14:03 Gold Mining
14:28 Forging
14:19 Scale Mail Armor
20:49 Gold Shaft Mining
20:45 Hand Cart
23:18 Heavy Plow
23:46 Chain Mail Armor
24:12 Town Watch
27:41 Iron Casting
32:12 Imperial Age
33:50 Plate Mail Armor
34:22 Blast Furnace
33:30 Stone Mining
34:21 Conscription
34:14 Furor Celtica
33:29 Heavy Scorpion
34:16 Capped Ram
36:22 Chemistry
35:45 Ballistics
39:12 Siege Ram
yazidzr
8:20 Feudal Age
6:36 Loom
9:21 Gold Mining
10:41 Double-Bit Axe
17:10 Castle Age
16:08 Horse Collar
17:47 Wheelbarrow
18:14 Bow Saw
21:09 Imperial Age
19:06 Man-at-Arms
20:03 Long Swordsman
23:13 Two-Man Saw
22:18 Heavy Plow
23:11 Two-Handed Swordsman
26:45 Forging
26:35 Scale Mail Armor
26:26 Fletching
26:36 Padded Archer Armor
28:12 Ballistics
28:53 Chemistry
29:02 Iron Casting
28:33 Stone Mining
31:34 Chain Mail Armor
31:15 Bodkin Arrow
31:35 Leather Archer Armor
31:49 Crossbowman
32:38 Arbalester
34:31 Crop Rotation
34:14 Thumb Ring
33:58 Champion
39:44 Elite Skirmisher
43:07 Imperial Skirmisher
Crissss
7:22 Feudal Age
5:37 Loom
8:53 Double-Bit Axe
12:12 Castle Age
10:18 Horse Collar
10:53 Gold Mining
14:26 Bow Saw
20:34 Stone Mining
21:27 Heavy Plow
25:19 Imperial Age
24:46 Wheelbarrow
24:30 Padded Archer Armor
26:06 Caravan
26:31 Conscription
27:15 Leather Archer Armor
28:06 Chemistry
27:13 Squires
27:53 Pirotechnia
31:02 Ring Archer Armor
30:33 Scale Mail Armor
30:24 Fletching
31:44 Town Watch
33:41 Treadmill Crane
34:20 Chain Mail Armor
38:06 Stone Shaft Mining
41:30 Plate Mail Armor
41:10 Forging
41:25 Hand Cart
41:14 Town Patrol
41:38 Ballistics
42:02 Thumb Ring
big niao
6:12 Feudal Age
6:51 Horse Collar
7:00 Double-Bit Axe
12:55 Castle Age
11:01 Gold Mining
14:17 Bow Saw
16:24 Fletching
16:34 Padded Archer Armor
17:09 Bodkin Arrow
22:40 Wheelbarrow
23:04 Ballistics
23:10 Bloodlines
24:18 Padded Archer Armor
24:21 Husbandry
28:59 Imperial Age
28:39 Nomads
28:58 Leather Archer Armor
28:53 Thumb Ring
29:33 Hand Cart
30:06 Parthian Tactics
30:44 Chemistry
30:09 Conscription
30:12 Drill
30:55 Elite Mangudai
31:06 Capped Ram
32:24 Bracer
33:13 Siege Ram
41:43 Caravan
My Baby Shot Me Down
2:23 Loom
8:16 Feudal Age
9:50 Loom
12:12 Castle Age
10:07 Double-Bit Axe
10:04 Horse Collar
10:30 Loom
12:35 Man-at-Arms
13:31 Gold Mining
15:30 Bow Saw
15:16 Long Swordsman
24:58 Scale Mail Armor
25:20 Heavy Plow
27:01 Wheelbarrow
27:18 Forging
27:21 Stone Mining
28:05 Fletching
29:03 Gold Shaft Mining
28:55 Caravan
30:44 Bodkin Arrow
35:00 Padded Archer Armor
39:56 Chain Mail Armor
40:16 Iron Casting
40:28 Stronghold
42:06 Leather Archer Armor
41:39 Gambesons
44:05 Hand Cart
43:35 Town Watch
Connection lost

Rejoining the realm…

Still unreachable

The connection could not be restored.

Session expired

The server has moved on; the page needs a fresh start.